AoeStats
← Joe

Arena

510197178Analyzed
3v3 RM · 2d ago on Sep 29, 2026· 36m 25s· 6 players
Game mode
Random Map
Map size
Normal (6 player)
Population
200
Speed
Normal
Resources
Standard
Victory
Conquest
Starting age
Dark Age
Ending age
Imperial Age
RankedLock teamsTeams togetherTeam positionsShared explorationLock speedFull tech treeHidden civsTurbo modeCheats
Victory
Defeat
🇺🇸 Spanish · United States
1251
+14
🇲🇽 Burgundians · Mexico
1240
+15
🇦🇷 Vietnamese · Argentina
1178
+17
🇨🇦 Bengalis · Canada
1284
-18
🇨🇴 Maya · Colombia
1224
-16
🇨🇴 Britons · Colombia
1120
-12
VIP IVORY
1:49 Loom
10:38 Feudal Age
14:18 Castle Age
13:59 Gold Mining
13:58 Double-Bit Axe
14:05 Gold Mining
14:29 Loom
17:58 Padded Archer Armor
22:18 Stone Mining
23:01 Horse Collar
24:39 Husbandry
24:50 Bloodlines
29:03 Imperial Age
27:24 Leather Archer Armor
28:35 Bow Saw
29:58 Fletching
36:10 Conscription
37:15 Ring Archer Armor
Tomy25142
11:04 Feudal Age
9:22 Loom
15:25 Castle Age
14:54 Double-Bit Axe
14:55 Horse Collar
16:49 Bow Saw
22:58 Forging
23:02 Man-at-Arms
24:52 Wheelbarrow
28:13 Imperial Age
25:41 Gold Mining
25:50 Pikeman
26:40 Fletching
27:32 Iron Casting
28:23 Squires
28:30 Scale Barding Armor
28:27 Scale Mail Armor
31:16 Chain Mail Armor
33:05 Crossbowman
33:47 Bodkin Arrow
33:52 Padded Archer Armor
34:06 Long Swordsman
34:08 Halberdier
37:46 Two-Man Saw
CCM | Zero
7:29 Double-Bit Axe
11:14 Feudal Age
11:41 Loom
15:24 Castle Age
13:51 Horse Collar
15:19 Bow Saw
18:16 Wheelbarrow
19:52 Hand Cart
19:37 Gold Mining
20:32 Town Watch
20:52 Heavy Plow
22:39 Scale Barding Armor
23:27 Husbandry
23:58 Chain Barding Armor
25:41 Town Patrol
27:12 Gold Shaft Mining
27:58 Two-Man Saw
27:32 Crop Rotation
27:14 Forging
28:43 Iron Casting
28:47 Cavalier
33:12 Imperial Age
31:19 Stone Mining
32:35 Stone Shaft Mining
33:26 Paladin
35:10 Plate Barding Armor
35:35 Blast Furnace
34:32 Treadmill Crane
35:03 Masonry
35:58 Fletching
36:41 Architecture
36:31 Ballistics
Os_A_Ve
0:34 Loom
11:10 Feudal Age
15:36 Castle Age
14:09 Horse Collar
15:57 Double-Bit Axe
17:17 Fervor
22:21 Forging
22:10 Gold Mining
25:01 Scale Mail Armor
26:02 Wheelbarrow
26:11 Fletching
26:10 Pikeman
26:41 Arson
26:22 Eagle Warrior
28:15 Bow Saw
29:34 Stone Mining
29:43 Bodkin Arrow
29:48 Padded Archer Armor
30:00 Pikeman
30:42 Squires
30:25 Crossbowman
31:51 Heavy Plow
35:29 Imperial Age
34:04 Leather Archer Armor
34:34 Chain Mail Armor
34:44 Hand Cart
35:34 Thumb Ring
36:06 Iron Casting
36:13 Bracer
36:44 Ring Archer Armor
35:38 Halberdier
36:51 Ballistics
37:36 Chemistry
37:21 Plate Mail Armor
mikele
9:57 Feudal Age
10:24 Feudal Age
15:02 Castle Age
13:04 Double-Bit Axe
13:20 Horse Collar
14:00 Stone Mining
15:14 Forging
18:10 Fletching
20:21 Bodkin Arrow
23:42 Wheelbarrow
22:52 Town Watch
28:06 Loom
28:44 Bow Saw
28:35 Gold Mining
29:30 Heavy Plow
32:27 Imperial Age
Joe
11:22 Feudal Age
12:33 Double-Bit Axe
16:34 Castle Age
15:58 Horse Collar
17:22 Husbandry
22:11 Scale Barding Armor
23:22 Forging
23:09 Town Watch
24:12 Bow Saw
24:49 Heavy Plow
25:14 Loom
27:00 Bloodlines
26:48 Pikeman
27:29 Squires
29:04 Wheelbarrow
28:13 Light Cavalry
29:17 Man-at-Arms
29:43 Gambesons
30:04 Fletching
30:14 Scale Mail Armor
31:02 Gold Mining
31:02 Stone Mining
30:41 Long Swordsman
31:43 Chain Mail Armor
Connection lost

Rejoining the realm…

Still unreachable

The connection could not be restored.

Session expired

The server has moved on; the page needs a fresh start.